 Dungeon Crawl Stone Soup version 0.30-a0-170-g85af917532 (webtiles) character file.

Game seed: 12252489085079707005

51 qw the Chopper (level 3, -2/23 HPs)
             Began as a Gargoyle Fighter on Oct 1, 2022.
             Slain by a gnoll
             ... wielding a +0 halberd
              (3 damage)
             ... on level 2 of the Dungeon.
             The game lasted 00:00:41 (2184 turns).

qw the Chopper (Gargoyle Fighter)                   Turns: 2184, Time: 00:00:42

Health: -2/23      AC: 12    Str: 21    XL:     3   Next: 83%
Magic:  3/3        EV:  7    Int:  8    God:
Gold:   35         SH:  4    Dex:  9    Spells: 2/2 levels left

rFire   . . .      SeeInvis .    Y - +0 war axe
rCold   . . .      Faith    .    c - +0 buckler
rNeg    + . .      Spirit   .    m - +0 chain mail
rPois   inf        Reflect  .    (no helmet)
rElec   +          Harm     .    (no cloak)
rCorr   .          Rampage  .    (no gloves)
Will    .....                    (no boots)
Stlth   ..........               (no amulet)
HPRegen 0.07/turn                (no ring)
MPRegen 0.08/turn                (no ring)

@: about to teleport
A: sickness immunity, AC +3, negative energy resistance 1, electricity
resistance, torment resistance 1, petrification resistance
a: no special abilities


You were on level 2 of the Dungeon.
You visited 1 branch of the dungeon, and saw 2 of its levels.

You collected 115 gold pieces.
You spent 80 gold pieces at shops.


Innate Abilities, Weirdness & Mutations

You are immune to sickness and miasma.
Your stone body is resilient. (AC +3)
You are immune to poison.
You resist negative energy. (rN+)
You are resistant to electric shocks. (rElec)
You are resistant to unholy torment.
You are immune to petrification.


   Skills:
 - Level 3.2 Fighting
 + Level 3.6 Axes
 - Level 3.2 Armour
 - Level 3.2 Shields


You had 2 spell levels left.
You didn't know any spells.
Your spell library was empty.

Inventory:

Hand Weapons
 g - a +0 whip
 Y - a +0 war axe (weapon)
Armour
 c - a +0 buckler (worn)
 m - a +0 chain mail (worn)
Scrolls
 e - 2 scrolls of identify
 h - 2 scrolls of enchant armour
 j - a scroll of fear {unknown}
Potions
 a - a potion of brilliance {unknown}
 d - 2 potions of might
 f - a potion of lignification {unknown}
 i - a potion of curing {unknown}
 k - a potion of ambrosia {unknown}
 n - a potion of heal wounds {unknown}

Dungeon Overview and Level Annotations

Branches:
Dungeon (2/15)

Altars:
Zin

Shops:
D:1 ?([


Message History

You miss the bat. The bat closely misses you. The bat hits you.
The bat hits you but does no damage.
You hit the bat but do no damage. The bat barely misses you.
The bat hits you but does no damage. x2
You closely miss the bat. You block the bat's attack.
The bat barely misses you. The bat hits you but does no damage.
You miss the bat. The bat hits you but does no damage.
You slash the bat!
You kill the bat!
There is an open door here. 2 gnolls come into view.
The gnoll shouts! x2; You hear a shout!
A gnoll comes into view. It is wielding a +0 whip.
The gnoll moves out of view.
A gnoll comes into view. It is wielding a +0 club.
The gnoll shouts! x2
2177 ||| Stepping ~*~*~tactically~*~*~ (hiding).
You start waiting.
A gnoll is nearby!
A gnoll opens the door.
The gnoll completely misses you. The gnoll hits you with a +0 whip!
There is an open door here.
You slash the gnoll!
The gnoll is almost dead.
The gnoll hits you with a +0 whip.
The gnoll hits you from afar with a +0 halberd!
The gnoll barely misses you. x2
2182 ||| READING scroll of teleportation.
As you read the scroll of teleportation, it crumbles to dust.
You feel strangely unstable. The gnoll hits you but does no damage.
The gnoll hits you with a +0 whip.
You slash the gnoll!
You kill the gnoll!
The gnoll closely misses you. The gnoll hits you with a +0 halberd.
You die...

#.# # #.# . ..# # #.#
##+## # #.### ##..>## #
....# ##.....## ## ..#.#
## ##.)..)..## ###.
.##.#
##...####.........###...
.....
....ggg@'.........'.....
.##.##
####.##)..........###...
## . #.##.......## #.#.
... ...###.....## #.##
### ###.#### ##...##
#.## # #.# ##'## #.# #
#.# #.# #.## #.# #.#
#... #.# ##.## ####


You could see 3 gnolls.

Vanquished Creatures
  A gnoll (D:2)
  A worm (D:2)
  2 endoplasms (D:1)
  2 giant cockroaches (D:1)
  2 goblins
  2 hobgoblins
  3 ball pythons
  10 bats
  14 frilled lizards (D:1)
  3 kobolds (D:1)
  5 rats
45 creatures vanquished.

Vanquished Creatures (others)
  8 plants (D:1)
8 creatures vanquished.

Grand Total: 53 creatures vanquished

Notes
Turn   | Place    | Note
-------+----------+-------------------------------------------
     0 | D:1      | qw the Gargoyle Fighter began the quest for the Orb.
     0 | D:1      | Reached XP level 1. HP: 14/14 MP: 1/1
     0 | D:1      | 0 ||| qw: Version: 0.2-a-13-gfc7b4b4
     0 | D:1      | 0 ||| qw: Game counter: 1733
     0 | D:1      | 0 ||| qw: Always use a shield: true
     0 | D:1      | 0 ||| qw: God list: Okawaru
     0 | D:1      | 0 ||| qw: Allow faded altars: false
     0 | D:1      | 0 ||| qw: Do Orc after D:15 true
     0 | D:1      | 0 ||| qw: Do second Lair branch before Depths: true
     0 | D:1      | 0 ||| qw: Lair rune preference: random
     0 | D:1      | 0 ||| qw: Plans: Normal, Zot:1-4, God:TSO, Crypt, Tomb,
                  | Pan, Slime:5, Hells, Abyss, Orb
     0 | D:1      | 0 ||| PLANNING D:1-11
   326 | D:1      | Reached XP level 2. HP: 19/19 MP: 2/2
   390 | D:1      | 390 ||| Stepping ~*~*~tactically~*~*~ (stealth).
   405 | D:1      | 405 ||| Stepping ~*~*~tactically~*~*~ (stealth).
   824 | D:1      | Found Rodarhar's Antique Weapon Boutique.
   831 | D:1      | 831 ||| Stepping ~*~*~tactically~*~*~ (stealth).
   834 | D:1      | Reached skill level 3 in Axes
   865 | D:1      | 865 ||| SHOPLISTING pitted hand axe (176 gold, have 0).
   913 | D:1      | Reached XP level 3. HP: 23/23 MP: 3/3
   917 | D:1      | Found Duihuwen's Magic Scroll Emporium.
   932 | D:1      | 932 ||| SHOPLISTING scroll of enchant weapon (97 gold, have
                  | 34).
   932 | D:1      | 932 ||| BUYING scroll of identify (26 gold).
   932 | D:1      | Bought a scroll of identify for 26 gold pieces
  1053 | D:1      | Found Tecereargh's Armour Emporium.
  1057 | D:1      | 1057 ||| BUYING +0 chain mail (54 gold).
  1057 | D:1      | Bought a +0 chain mail for 54 gold pieces
  1057 | D:1      | 1057 ||| SHOPLISTING +0 pair of gloves (54 gold, have 6).
  1057 | D:1      | 1057 ||| SHOPLISTING +1 hat of see invisible (192 gold,
                  | have 6).
  1057 | D:1      | 1057 ||| SHOPLISTING +1 leather armour "Copry" {rElec rCorr
                  | MP-9 Int+4} (193 gold, have 6).
  1057 | D:1      | 1057 ||| SHOPLISTING +2 plate armour "Roax" {Will- Int+3
                  | Dex+4} (606 gold, have 6).
  1057 | D:1      | 1057 ||| SHOPLISTING +4 chain mail of willpower (378 gold,
                  | have 6).
  1329 | D:1      | 1329 ||| UPGRADING to +0 chain mail.
  1339 | D:1      | 1339 ||| DROPPING +0 scale mail.
  1340 | D:1      | 1340 ||| READING scroll labelled HISETI GAGGAM.
  1341 | D:1      | 1341 ||| READING 2 scrolls labelled WAIFI NAPTIA.
  1342 | D:1      | 1342 ||| READING scroll labelled YFUYPL DODWAST.
  1347 | D:1      | 1347 ||| READING scroll labelled DOAK ZUKHEUH.
  1400 | D:1      | 1400 ||| READING 2 scrolls of identify.
  1400 | D:1      | 1400 ||| IDENTIFYING orange potion
  1401 | D:1      | 1401 ||| DROPPING potion of invisibility.
  1706 | D:2      | Found a glowing silver altar of Zin.
  2068 | D:2      | 2068 ||| Stepping ~*~*~tactically~*~*~ (stealth).
  2159 | D:2      | 2159 ||| Stepping ~*~*~tactically~*~*~ (stealth).
  2177 | D:2      | 2177 ||| Stepping ~*~*~tactically~*~*~ (hiding).
  2181 | D:2      | HP: 4/23 [gnoll/+0 halberd (9)]
  2182 | D:2      | 2182 ||| READING scroll of teleportation.
  2182 | D:2      | HP: 1/23 [gnoll/+0 whip (4)]
  2184 | D:2      | Slain by a gnoll

Levels and vault maps discovered:
D:1:      heliophobic_arrival_battle_scene, layout_basic, serial_shops, shop,
          nicolae_shop_temple_entry_statues_fountains, shop_coins,
          chequers_serial_rivers_marsh, minmay_lizard_king
D:2:      layout_loops_corners, basic_altar, chequers_ecumenical_altar_twisty

Skill      XL: |  1  2 |
---------------+-------+-----
Axes           | 2 3 |  3.6
Fighting       | |  3.2
Armour         | |  3.2
Shields        | |  3.2

Action                   || total
-------------------------++-------
Melee: War axe           ||   149
  Use: Scroll            ||     6
Armor: Scale mail        ||    47
       Chain mail        ||    26
Dodge: Dodged            ||    79
Block: Buckler           ||    32

Table legend:
 A = Non-vault XP
 B = Vault XP
 C = Vault XP percentage of total XP
 D = Non-vault monster count
 E = Vault monster count
 F = Vault count percentage of total count
                 A         B        C        D         E       F
            +---------+---------+-------+---------+---------+-------
      Total |      64 |      10 |  13.5 |      35 |      10 |  22.2
            +---------+---------+-------+---------+---------+-------
        D:1 |      34 |      10 |  22.7 |      25 |      10 |  28.6
        D:2 |      30 |       0 |   0.0 |      10 |       0 |   0.0
            +---------+---------+-------+---------+---------+-------
